[Event "IX Iberoamericano Championship 2023"]
[Site "Panama City"]
[Date "2023.11.30"]
[Round "6.11"]
[White "Estrada Nieto, Julian"]
[Black "Rodriguez Vila, Andres"]
[Result "0-1"]
[ECO "C79"]
[WhiteElo "2212"]
[BlackElo "2405"]
[Annotator "TA"]
[PlyCount "66"]
[EventDate "2023.11.27"]
[EventType "swiss"]
[EventCountry "PAN"]
[SourceTitle "playchess.com"]
[Source "ChessBase"]
[SourceQuality "1"]
[TimeControl "5400+30"]

1. e4 e5 2. Nf3 Nc6 3. Bb5 a6 4. Ba4 Nf6 5. O-O d6 6. Bxc6+ bxc6 7. d4 exd4 8. Nxd4 c5 9. Nf3 Bb7 10. Nc3 Be7 11. Re1 O-O 12. Bg5 {[%emt 0:03:52] C79: Ruy Lopez: Steinitz-type lines with 3...a6 4 Ba4 Nf6 5 0-0 d6.} h6 13. Bh4 Re8 14. Qd3 {[%emt 0:16:33] The position is equal.} Nh5 15. Bxe7 Qxe7 {[%emt 0:00:15] [#]} 16. Nd5 $146 {[%emt 0:04:33] Inhibits Nf4.} ({Predecessor:} 16. g3 Nf6 17. Nh4 a5 18. f3 a4 19. Nf5 Qe6 20. Ne3 Bc6 21. Rad1 Qe5 22. Kg2 {½-½ Silva Filho,A (2232)-Dutra,P (2205) BRA Cup27 sf04 email 2015}) 16... Qd7 17. h3 Re6 18. Re3 Rae8 19. Rae1 Qd8 20. Kh2 (20. g3 $11) 20... c6 $15 21. Nc3 ({Much worse is} 21. Qb3 cxd5 22. Qxb7 d4 $17) 21... d5 22. exd5 cxd5 23. Rxe6 $1 fxe6 (23... Rxe6 $15 24. Rxe6 Nf4 25. Re8+ (25. Qf5 Nxe6 26. b3 Qc7+ 27. Qe5 d4 $11) 25... Qxe8) 24. Kg1 {[%emt 0:06:27] [#]} (24. Qg6 $11 Nf6 25. Ne5) 24... Nf4 $1 $36 {[%emt 0:01:07][%mdl 2048] Black has strong initiative.} 25. Qd2 {[%emt 0:01:35] White does not recover from this.} (25. Qf1 $17) 25... Rf8 $19 {[%emt 0:00:09] And now ...Qf6 would win.} 26. Qd1 $2 (26. Ne2 {was the only chance.} Nxh3+ 27. gxh3 Rxf3 28. Ng3) 26... Qf6 27. Kh2 {[%emt 0:02:39] [#]} Nxg2 $1 {[%emt 0:00:47][%mdl 576] Discovered Attack. Black is clearly winning.} 28. Kxg2 d4 29. Ne4 Qg6+ 30. Ng3 (30. Nfg5 $142 Qxg5+ 31. Qg4) 30... Bxf3+ {[%emt 0:00:23][%mdl 64] Overworked Piece} 31. Qxf3 Rxf3 32. Kxf3 Qxc2 33. Rxe6 d3 {[%emt 0:00:36] Weighted Error Value: White=0.71/Black=0.07 (flawless)} 0-1

[Event "IX Iberoamericano Championship 2023"]
[Site "Panama City"]
[Date "2023.11.30"]
[Round "6.12"]
[White "Noboa Silva, Kevin"]
[Black "Bravo Mallco, Kate Azumi"]
[Result "1-0"]
[ECO "B22"]
[WhiteElo "2318"]
[BlackElo "2004"]
[Annotator "RC"]
[PlyCount "113"]
[EventDate "2023.11.27"]
[EventType "swiss"]
[EventCountry "PAN"]
[SourceTitle "playchess.com"]
[Source "ChessBase"]
[SourceQuality "1"]
[TimeControl "5400+30"]

1. e4 c5 2. c3 d5 3. e5 Bf5 4. d4 Nc6 5. Bb5 e6 6. Ne2 Qc7 7. O-O a6 8. Bxc6+ Qxc6 9. dxc5 Bxc5 10. b4 Ba7 11. a4 Qc7 12. Nd4 Bxb1 13. Rxb1 Ne7 14. b5 Ng6 15. Qb3 Bc5 16. b6 Qd7 17. Nf3 Rc8 18. h4 h6 19. Rd1 Qc6 20. Rd3 O-O 21. h5 Ne7 22. Bf4 Qe8 23. Qd1 Nc6 24. Qe2 Na5 25. Nd4 Bxd4 26. cxd4 Qxa4 27. Rg3 Kh8 28. Bxh6 gxh6 29. Qe3 Kh7 30. Qd3+ Kh8 31. Qf3 f5 32. exf6 Qxd4 33. Rg6 Kh7 34. Rd1 Qe5 35. Qd3 Qf5 36. Qxf5 exf5 37. Rxd5 Rf7 38. Rxa5 Rc6 39. Rxf5 Rxb6 40. g4 Rb5 41. Rxb5 axb5 42. Kf1 b4 43. Ke2 b3 44. Kd2 Rd7+ 45. Kc3 b2 46. Kxb2 Rd2+ 47. Kc3 Rxf2 48. Kd4 Rf1 49. Ke5 Re1+ 50. Kf5 Rf1+ 51. Ke6 Re1+ 52. Kf7 Re4 53. Rg7+ Kh8 54. g5 hxg5 55. Kg6 g4 56. Rxb7 Re8 57. Rh7+ 1-0

[Event "IX Iberoamericano Championship 2023"]
[Site "Panama City"]
[Date "2023.11.30"]
[Round "6.13"]
[White "Delgado Rosas, Alex Antonio"]
[Black "Solares Orozco, Kebert"]
[Result "1/2-1/2"]
[ECO "B13"]
[WhiteElo "2105"]
[BlackElo "2312"]
[Annotator "RC"]
[PlyCount "139"]
[EventDate "2023.11.27"]
[EventType "swiss"]
[EventCountry "PAN"]
[SourceTitle "playchess.com"]
[Source "ChessBase"]
[SourceQuality "1"]
[TimeControl "5400+30"]

1. d4 d5 2. Nf3 Nf6 3. Bf4 c5 4. e3 Nc6 5. Nbd2 cxd4 6. exd4 g6 7. h3 Bg7 8. c3 O-O 9. Bd3 Nh5 10. Bh2 Bh6 11. O-O Nf4 12. Nb3 a5 13. Nc1 Qb6 14. Qb3 Qxb3 15. axb3 Nxd3 16. Nxd3 b6 17. Bc7 Ba6 18. Rfd1 Rfc8 19. Bxb6 Bxd3 20. Rxd3 Rcb8 21. Bc5 Rb7 22. Ba3 Rxb3 23. Ne1 e6 24. Rd2 a4 25. Rdd1 Na5 26. Nd3 Nc4 27. Nc5 Rb5 28. Nd3 Rb3 29. Nc5 Rbb8 30. Nd3 Bf8 31. Bxf8 Kxf8 32. Ra2 Rb3 33. Rda1 Kg7 34. Rxa4 Rxa4 35. Rxa4 Nxb2 36. Nxb2 Rxb2 37. Ra7 Rc2 38. Rc7 g5 39. g4 Kg6 40. Kg2 Rd2 41. Kg1 Rd3 42. Kg2 h6 43. Kh2 f5 44. Re7 Kf6 45. Rc7 Rd1 46. Rh7 Kg6 47. Re7 Re1 48. Re8 Kf7 49. Rh8 Kg7 50. Re8 f4 51. Re7+ Kf6 52. Rh7 Kg6 53. Rc7 h5 54. gxh5+ Kxh5 55. Rc6 Kg6 56. c4 dxc4 57. d5 Kf6 58. Kg2 c3 59. dxe6 Rc1 60. Kf3 c2 61. Ke2 Rh1 62. Rxc2 Rxh3 63. Rc6 Ra3 64. e7+ Kxe7 65. Rg6 Ra5 66. Kf3 Kf7 67. Rb6 Ra1 68. Kg4 Rg1+ 69. Kf3 Kg7 70. Ra6 1/2-1/2

[Event "IX Iberoamericano Championship 2023"]
[Site "Panama City"]
[Date "2023.11.30"]
[Round "6.14"]
[White "Ordaz Valdes, Lisandra Teresa"]
[Black "Schnell, Sebastian Narayana"]
[Result "1-0"]
[ECO "E73"]
[WhiteElo "2306"]
[BlackElo "1891"]
[Annotator "RC"]
[PlyCount "89"]
[EventDate "2023.11.27"]
[EventType "swiss"]
[EventCountry "PAN"]
[SourceTitle "playchess.com"]
[Source "ChessBase"]
[SourceQuality "1"]
[TimeControl "5400+30"]

1. d4 Nf6 2. c4 g6 3. Nc3 Bg7 4. e4 d6 5. Be2 O-O 6. Bg5 Nc6 7. d5 Ne5 8. Nf3 Nxf3+ 9. Bxf3 h6 10. Be3 e5 11. c5 Ne8 12. Qc1 Kh7 13. h4 Bd7 14. h5 g5 15. Qd1 dxc5 16. Bxc5 Nd6 17. Bxd6 cxd6 18. g4 Qb6 19. Qb3 Qxb3 20. axb3 Bf6 21. Be2 Rfc8 22. b4 Bd8 23. Kd2 Bb6 24. f3 Bd4 25. Ra3 Rc7 26. Rha1 Rac8 27. Bd3 a6 28. R1a2 Kg7 29. Rb3 Kf8 30. Raa3 Ke7 31. b5 axb5 32. Bxb5 Bxc3+ 33. bxc3 Bxb5 34. Rxb5 Rb8 35. Rb6 Rbc8 36. Rab3 Rb8 37. Kd3 Kd7 38. c4 Ke7 39. R3b5 Kd7 40. c5 dxc5 41. Rxh6 c4+ 42. Kc2 Ra8 43. d6 Rc6 44. Rxb7+ Kc8 45. Rxf7 1-0

[Event "IX Iberoamericano Championship 2023"]
[Site "Panama City"]
[Date "2023.11.30"]
[Round "6.15"]
[White "Zilleruelo Irizarry, Diego"]
[Black "Palma Villanueva, Miguel Ta"]
[Result "0-1"]
[ECO "C41"]
[WhiteElo "2105"]
[BlackElo "2286"]
[Annotator "RC"]
[PlyCount "92"]
[EventDate "2023.11.27"]
[EventType "swiss"]
[EventCountry "PAN"]
[SourceTitle "playchess.com"]
[Source "ChessBase"]
[SourceQuality "1"]
[TimeControl "5400+30"]

1. e4 d6 2. d4 Nf6 3. Nc3 e5 4. Nf3 Nbd7 5. Bc4 Be7 6. O-O O-O 7. Re1 c6 8. a4 h6 9. a5 Re8 10. h3 Qc7 11. d5 b5 12. Ba2 b4 13. dxc6 bxc3 14. cxd7 Bxd7 15. bxc3 Qxc3 16. Ba3 Qc6 17. Bb4 Rac8 18. c3 Be6 19. Bxe6 fxe6 20. Qd3 Nd7 21. Rad1 Nc5 22. Qc4 Kf7 23. Qe2 Na6 24. Rd3 Kg8 25. Qe3 Nxb4 26. cxb4 Qb5 27. Rc3 Qb7 28. Rxc8 Rxc8 29. Qb3 Kf7 30. b5 Rc5 31. Rb1 a6 32. bxa6 Qxa6 33. Ra1 Rxa5 34. Rxa5 Qxa5 35. Qb7 Kf6 36. g4 Qc5 37. h4 Qc1+ 38. Kg2 Qf4 39. Nh2 h5 40. gxh5 Qxh4 41. f3 Qxh5 42. Qd7 Kf7 43. Qc8 d5 44. Ng4 dxe4 45. Qc7 exf3+ 46. Kxf3 Qh3+ 0-1

[Event "IX Iberoamericano Championship 2023"]
[Site "Panama City"]
[Date "2023.11.30"]
[Round "6.16"]
[White "Robles Medina, Nelson Humberto"]
[Black "Hernandez Montes, Jhon Sebastian"]
[Result "0-1"]
[ECO "A17"]
[WhiteElo "1691"]
[BlackElo "2280"]
[Annotator "RC"]
[PlyCount "50"]
[EventDate "2023.11.27"]
[EventType "swiss"]
[EventCountry "PAN"]
[SourceTitle "playchess.com"]
[Source "ChessBase"]
[SourceQuality "1"]
[TimeControl "5400+30"]

1. c4 Nf6 2. g3 e6 3. Nc3 d5 4. cxd5 exd5 5. Bg2 c6 6. Nf3 d4 7. Nb1 Be7 8. O-O O-O 9. d3 h6 10. Nbd2 Be6 11. Nb3 c5 12. Bd2 Nc6 13. Rb1 Re8 14. Re1 a5 15. Nc1 a4 16. e3 dxe3 17. Rxe3 Nd5 18. Re1 Bf6 19. a3 b5 20. Qc2 Qd6 21. Ne2 Bf5 22. Nf4 Nxf4 23. Bxf4 Qd5 24. d4 Qxd4 25. Qxc5 Qd3 0-1

[Event "IX Iberoamericano Championship 2023"]
[Site "Panama City"]
[Date "2023.11.30"]
[Round "6.17"]
[White "Cori, Jorge"]
[Black "Pastor Carvajal, Jeigoth"]
[Result "1-0"]
[ECO "E18"]
[WhiteElo "2626"]
[BlackElo "1985"]
[Annotator "TA"]
[PlyCount "79"]
[EventDate "2023.11.27"]
[EventType "swiss"]
[EventCountry "PAN"]
[SourceTitle "playchess.com"]
[Source "ChessBase"]
[SourceQuality "1"]
[TimeControl "5400+30"]

1. Nf3 Nf6 2. c4 b6 3. g3 Bb7 4. Bg2 e6 5. O-O d5 6. cxd5 exd5 7. d4 Be7 8. Nc3 O-O 9. Bf4 a6 ({Black should play} 9... Nh5 $11) 10. Rc1 {[%emt 0:00:30] E18: Queen's Indian: Old Main Line (4 g3 Bb7 5 Bg2 Be7 6 0-0 0-0 7 Nc3).} c5 (10... Nbd7 $14 {was preferrable.}) 11. dxc5 $16 Bxc5 {[%emt 0:00:30] [#]} 12. Nh4 $146 {[%emt 0:10:10] White is better.} ({Predecessor:} 12. Be5 Nbd7 13. Bd4 Bxd4 14. Qxd4 Nc5 15. Rfd1 Qd6 16. Qf4 Qxf4 17. gxf4 Rfd8 18. e3 {1-0 Andersen,M (2193)-Kumpen,J (1711) Helsingor Xtracon op 2017 (1)}) 12... Ne4 (12... a5 $16) 13. Nxe4 $18 dxe4 14. Qxd8 (14. b4 $18 Bxb4 15. Qb3) 14... Rxd8 $16 15. Rfd1 Rd7 16. Nf5 {[%emt 0:04:32] Threatens to win with Rxd7.} a5 17. Be3 {[%emt 0:11:27] White has more active pieces. The black rooks are badly placed.} Rxd1+ 18. Rxd1 {[%emt 0:00:04] White threatens Rd8+ and mate.} Na6 19. Bxc5 Nxc5 20. Rd6 g6 21. Ne3 b5 (21... Na4 $14) 22. Rb6 Ba6 23. b3 {[%emt 0:34:02] Wards off Na4} (23. Rc6 $5 Rc8 24. Bxe4 $16) 23... Rd8 ({Black should try} 23... b4 $14) 24. Rc6 Rc8 {[%emt 0:00:15] [#]} 25. Bxe4 {[%emt 0:00:06][%mdl 576] Deflection} Nxe4 (25... Rxc6 26. Bxc6) 26. Rxa6 {[%emt 0:00:02][%mdl 4096] Endgame KRN-KRN} Nc3 27. Rxa5 Nxe2+ 28. Kg2 Nd4 29. Ra7 Nc2 {[%emt 0:00:56] [#]} (29... h5 $16 {was necessary.}) 30. Ng4 $1 $18 Ne1+ (30... Rf8 {might work better.} 31. a4 Nd4) 31. Kf1 Nf3 32. Ke2 Nd4+ 33. Kd3 Nc6 34. Rb7 h5 (34... Rd8+ $16 35. Ke3 Re8+ 36. Kd2 Ra8) 35. Nh6+ Kg7 (35... Kf8 {is a better defense.} 36. Rxf7+ Ke8) 36. Nxf7 {[%emt 0:00:00] aiming for Nd6+.} ({Weaker is} 36. Rxf7+ Kxh6 37. Rf4 Rd8+ 38. Ke2 Nd4+ 39. Ke3 Nf5+ 40. Ke2 Kg7 $17) 36... Kf6 37. f4 Nb4+ 38. Ke4 Nxa2 39. Ng5 Nc3+ (39... Re8+ $142 40. Kd4 Re7 41. Rxb5 Nc1 42. Ne4+ Kf7) 40. Kf3 {[%emt 0:00:00] Weighted Error Value: White=0.10 (very precise) /Black=0.30} 1-0

[Event "IX Iberoamericano Championship 2023"]
[Site "Panama City"]
[Date "2023.11.30"]
[Round "6.18"]
[White "Ticona Rocabado, Licael Roderick"]
[Black "Pilarte, Mario"]
[Result "1-0"]
[ECO "E97"]
[WhiteElo "2412"]
[BlackElo "1800"]
[Annotator "TA"]
[PlyCount "87"]
[EventDate "2023.11.27"]
[EventType "swiss"]
[EventCountry "PAN"]
[SourceTitle "playchess.com"]
[Source "ChessBase"]
[SourceQuality "1"]
[TimeControl "5400+30"]

1. d4 Nf6 2. c4 g6 3. Nc3 Bg7 4. e4 d6 5. Nf3 O-O 6. Be2 e5 7. O-O Nc6 8. d5 Ne7 9. b4 Nh5 10. c5 Nf4 11. Bxf4 {[%emt 0:01:22] has lost popularity (11.a4).} exf4 12. Rc1 Bg4 {[%emt 0:06:15] E97: King's Indian: Classical Main Line (6...e5 7 0-0 Nc6): 8 Be3 and 8 d5 Ne7, not 9 Ne1.} 13. Qd2 Bxf3 14. Bxf3 {[%emt 0:00:01] [#]} Be5 $146 {[%emt 0:02:15] Black is weak on the light squares. White is slightly better.} ({Predecessor:} 14... g5 15. Bg4 Ng6 16. Rfd1 Ne5 17. Qe2 a6 18. Bf5 Qf6 19. Qh5 h6 20. Ne2 Ng6 {1-0 Gostisa,L (2460)-Bohak,J (2240) Bled op 14th 1993}) 15. Nb5 g5 16. Bg4 h5 17. Bxh5 $16 Kg7 18. Qe2 {[%emt 0:00:37] White is much more active.} a6 {[%emt 0:00:28] [#]} 19. Na3 Rh8 20. Nc4 Ng6 21. h3 Qf6 22. Bxg6 Kxg6 23. cxd6 cxd6 24. Nxe5+ Qxe5 25. Rc7 Rh4 {[%emt 0:01:51][%cal Og5g4] [#]} 26. f3 (26. Rxb7 g4 27. Re1 (27. hxg4 f3 28. g3 fxe2 29. gxh4 Qf4 30. h5+ Kg5) 27... gxh3 $15) 26... Qd4+ 27. Kh2 Qe5 28. Qe1 (28. Rxb7 g4 29. Kg1 (29. fxg4 f3+ {[%mdl 64] Discovered Attack} 30. Kg1 fxe2 31. Rbxf7 exf1=Q+ 32. Rxf1 Rxh3 33. Rf5 Qg3 34. Kf1 Rh1+ 35. Ke2 Re1+ {[%mdl 64] Skewer} 36. Kd2 Qe3+ 37. Kc2 Rc8+ 38. Kb2 Qc3#) 29... gxh3 $19) 28... Qb2 {[%emt 0:01:40][%cal Oh4h3] ...Rxh3+! would be deadly.} 29. Rf2 (29. Rxb7 $2 {perishes.} Rxh3+ 30. Kg1 Rh4 $19) 29... Qe5 30. Rfc2 Rah8 (30... Rhh8 $142 31. a4 Rab8) 31. Qc3 $18 {[%emt 0:00:12] Qxe5 is the strong threat.} ({But not} 31. Rxb7 $6 g4 $18) 31... Qe8 (31... f6 {keeps fighting.} 32. Qxe5 dxe5) 32. Rc8 Qxc8 33. Qxc8 Rxc8 34. Rxc8 {[%emt 0:00:13][%mdl 4096] Endgame KR-KR} f5 35. Rg8+ Kf6 36. Rf8+ Ke5 (36... Kg6 $142 37. Rd8 fxe4 38. fxe4 g4 39. Rg8+ Kf6 40. Rxg4 Rh6 41. Rxf4+ Ke5) 37. Rxf5+ ({Weaker is} 37. exf5 Rh7 38. g4 fxg3+ 39. Kxg3 Rh4 $16) 37... Kd4 38. Rf6 Kc4 39. Rxd6 {[%emt 0:00:06] Hoping for e5.} Kxb4 40. Rb6+ Ka3 41. Rxb7 {[%emt 0:00:06] Intending d6 and mate.} Kxa2 42. d6 {[%emt 0:00:23][%cal Bd5d6,Bd6d7][%mdl 32] White mates.} Rh6 43. e5 Re6 44. d7 {[%emt 0:00:05] Black did not feel at home in the position after the opening.   Weighted Error Value: White=0.18 (very precise) /Black=0.60} 1-0

[Event "IX Iberoamericano Championship 2023"]
[Site "Panama City"]
[Date "2023.12.01"]
[Round "7.1"]
[White "Henriquez Villagra, Cristobal"]
[Black "Espinosa Veloz, Ermes"]
[Result "1/2-1/2"]
[ECO "C55"]
[WhiteElo "2630"]
[BlackElo "2478"]
[Annotator "RC"]
[PlyCount "45"]
[EventDate "2023.11.27"]
[EventType "swiss"]
[EventCountry "PAN"]
[SourceTitle "playchess.com"]
[Source "ChessBase"]
[SourceQuality "1"]
[TimeControl "5400+30"]

1. e4 e5 2. Nf3 Nc6 3. Bc4 Nf6 4. d3 Be7 5. Nc3 d6 6. a3 O-O 7. Bg5 Kh8 8. Bxf6 Bxf6 9. Nd5 Be7 10. h4 f5 11. Qd2 f4 12. c3 Bg4 13. Ng5 Bxg5 14. hxg5 Ne7 15. d4 Nxd5 16. Bxd5 c6 17. Ba2 Qxg5 18. f3 Bh5 19. g4 Bg6 20. O-O-O Rad8 21. Be6 h6 22. Rh3 Rfe8 23. d5 1/2-1/2

[Event "IX Iberoamericano Championship 2023"]
[Site "Panama City"]
[Date "2023.12.01"]
[Round "7.2"]
[White "Diaz Perez, Michel Alejandro"]
[Black "Berdayes Ason, Dylan Isidro"]
[Result "1/2-1/2"]
[ECO "B15"]
[WhiteElo "2459"]
[BlackElo "2507"]
[Annotator "TA"]
[PlyCount "175"]
[EventDate "2023.11.27"]
[EventType "swiss"]
[EventCountry "PAN"]
[SourceTitle "playchess.com"]
[Source "ChessBase"]
[SourceQuality "1"]
[TimeControl "5400+30"]

1. e4 c6 2. d4 d5 3. Nc3 dxe4 4. Nxe4 Nf6 5. Nxf6+ exf6 6. Be3 Bd6 7. Qd2 O-O 8. O-O-O Be6 9. Kb1 Na6 10. Bxa6 bxa6 11. Ne2 Rb8 12. Bf4 Bb4 13. Qd3 Rb5 14. Nc1 Re8 15. f3 a5 (15... Qb6 $5 16. Ka1 Bf5 $15) 16. g4 a4 17. h3 Qa5 (17... Bf8 {feels hotter.} 18. Rh2 a5 19. c4 Rb4) 18. c4 Rb7 19. Rh2 Rd8 20. Bd2 (20. Rc2 $1 $11) 20... Qa6 $17 21. d5 Be7 22. Be3 cxd5 23. c5 Qa5 (23... Qxd3+ $17 24. Rxd3 Rc7) 24. Rc2 $15 Rc8 25. c6 (25. Ne2 $11) 25... Rbc7 $17 26. Bd2 Bb4 (26... Qb6 {with more complications.} 27. Be3 d4 28. Qxd4 Qa5) 27. Bxb4 Qxb4 28. Qd4 (28. Qa6 $142) 28... Qa5 (28... Qxd4 29. Rxd4 f5 30. Rxa4 $17) 29. Rc5 Qb6 30. Nd3 (30. Rc3 $17) 30... Rxc6 $19 31. Rdc1 h6 32. a3 f5 33. R1c3 fxg4 34. hxg4 (34. fxg4 {was forced.} h5 35. Rc1) 34... Rxc5 (34... h5 $142 35. Qb4 Rxc5 36. Nxc5 Qxb4 37. axb4 hxg4 38. fxg4 Bxg4 39. Nxa4 Rb8) 35. Nxc5 $19 Rd8 (35... Rc6 $19 36. Ka2 Qb5 37. Nxe6 Rxe6) 36. Re3 (36. Nxe6 $17 Qxe6 37. Qxa4) 36... Rb8 37. Re2 (37. Nxe6 $17 {might work better.} fxe6 38. Qe5) 37... Qd6 $2 (37... Bd7 $19 {Threatens to win with ...Bb5.} 38. Re5 Bc6) 38. Re3 (38. Nxe6 $11 {was the only way to keep the balance.} fxe6 39. Qxa7) 38... Rc8 $17 39. Rc3 Bd7 40. Nxa4 Re8 41. Nc5 Re1+ (41... Bc8 $142 42. Ka1 f5) 42. Ka2 $17 Bb5 43. a4 Bf1 44. Qf2 (44. Qd2 $17 Re8 45. Qd4) 44... d4 45. Qxe1 dxc3 46. Qxc3 {[%emt 0:00:14] [#]} Be2 (46... Qc6 $1 $17 {And now ...Be2 would win.} 47. b3 Be2) 47. Ne4 $11 Qf4 48. Qc8+ $1 Kh7 49. Qc2 f5 $1 50. Qxe2 fxe4 51. fxe4 a5 52. Kb3 Qe5 53. Qf3 Qe6+ 54. Ka3 Qd6+ 55. Ka2 Qe6+ 56. b3 g6 57. Qf4 Qe7 58. e5 h5 59. gxh5 gxh5 60. Qf5+ (60. b4 $1 $16 Qe6+ 61. Kb2 (61. Ka3 Qh3+ 62. Ka2 axb4 $11) 61... axb4 62. a5 (62. Qxb4 Qxe5+ 63. Kc2 Qf5+ 64. Kd2 Qf2+ 65. Kd3 Qf3+ 66. Kd2 Qf2+ 67. Kd3 Qf3+ 68. Kd2 Qf2+ $11)) 60... Kh6 $11 61. e6 h4 62. Qg4 Qf6 63. Qe2 Qe7 64. Qe3+ Kg6 65. Qe4+ Kg5 66. Qe5+ Kg4 67. Qd5 Qh7 $2 (67... h3 $11) 68. Qd4+ $18 (68. Qxa5 Qc2+ 69. Ka3 Qc1+ 70. Ka2 Qc2+ 71. Ka3 Qc1+ 72. Ka2 Qc2+ $11) 68... Kf3 69. Qf6+ Kg4 70. e7 Qc2+ 71. Qb2 Qe4 72. Qg7+ Kh3 73. Qc3+ $2 (73. Kb2) 73... Kg2 $18 74. Qd2+ $2 ({Inferior is} 74. Qxa5 Qxe7 75. Qd5+ Kg3 $11) (74. Qc7 $18 {Black must now prevent Kb2.} h3 75. Kb2) 74... Kg3 $2 (74... Kf3 $11) 75. Qd6+ ({Worse is} 75. Qxa5 Qxe7 76. Qc3+ Kg4 $11) 75... Kg2 76. Ka3 $2 (76. Kb2 {White threatens Qd7 and mate.} Qe2+ 77. Kc3 Qf3+ 78. Kc4 Qe4+ 79. Kc5 Qe3+ 80. Kc6) 76... h3 $18 77. Qd7 $2 ({White should play} 77. Kb2 $18 {Qd2+ is the strong threat.} h2 78. Qd2+ Kg3 79. Qc3+ Kf2 80. Qc5+ (80. Qxa5 Qe2+ 81. Kc3 Qe1+ {[%mdl 64] Skewer} 82. Kd3 Qxa5 83. e8=Q Qd5+ 84. Kc3 Qf3+ 85. Kb4 h1=Q 86. Qe5 Qf8+ 87. Qc5+ Qxc5+ 88. Kxc5 Qh5+ 89. Kb6 Qd5 90. a5 Qxb3+ 91. Kc7 Qc3+ 92. Kd7 Qxa5 93. Ke6 Ke3 94. Kf6 Kf4 95. Ke7 Ke5 96. Kd7 Qb5+ 97. Kc7 Ke6 98. Kc8 Kd6 99. Kd8 Qd7#) 80... Kg3 81. Qc7+ Kg2 82. Qc2+ {[%mdl 64] Skewer} Qxc2+ 83. Kxc2) 77... Qe5 $1 $11 (77... Qe1 78. Kb2 (78. e8=R $2 Qa1#) 78... Qf2+ 79. Kc3 Qf6+ 80. Kc4 Qh4+ 81. Kc5 Qb4+ 82. Kc6 Qe4+ 83. Kb6 Qg6+ 84. Kxa5 Qg5+ 85. Ka6 Qh6+ 86. Kb5 Qg5+ 87. Kc6 Qh6+ 88. Kc7 Qf4+ 89. Kc8) 78. Ka2 (78. e8=R $2 Qa1#) 78... Qe2+ 79. Ka3 Qe5 $1 (79... Qe1 $2 80. Kb2 (80. e8=R $2 Qa1#) 80... Qf2+ 81. Kc3 Qg3+ 82. Kc4 Qh4+ 83. Kc5 Qb4+ 84. Kc6 Qc3+ 85. Kb7 Qxb3+ 86. Ka6 Qc4+ 87. Ka7 $18) 80. Qc6+ (80. e8=R $2 Qa1#) 80... Kg3 81. Qg6+ Kh2 82. Qc2+ Kg3 83. Qd3+ Kh2 84. Qd2+ Kg3 85. Qd3+ Kh2 86. Qc2+ Kg3 87. Qg6+ Kh2 88. Qc2+ 1/2-1/2

[Event "IX Iberoamericano Championship 2023"]
[Site "Panama City"]
[Date "2023.12.01"]
[Round "7.3"]
[White "Rodriguez Vila, Andres"]
[Black "Mareco, Sandro"]
[Result "0-1"]
[ECO "C00"]
[WhiteElo "2405"]
[BlackElo "2606"]
[Annotator "TA"]
[PlyCount "68"]
[EventDate "2023.11.27"]
[EventType "swiss"]
[EventCountry "PAN"]
[SourceTitle "playchess.com"]
[Source "ChessBase"]
[SourceQuality "1"]
[TimeControl "5400+30"]

1. Nf3 d5 2. g3 Nf6 3. Bg2 e6 4. O-O Be7 5. d3 O-O 6. Nbd2 c5 7. e4 Nc6 8. Re1 Qc7 9. c3 b6 10. Nf1 dxe4 {[%emt 0:13:10] C00: French: Unusual White 2nd moves.} 11. dxe4 (11. Bf4 {seems wilder.} e5 12. Nxe5 Nxe5 13. d4) 11... Rd8 12. Qa4 Bb7 {[%emt 0:11:09] The position is equal.} 13. e5 Nd7 {[%emt 0:00:09][%cal Bf6d7,Bd7c5,Bc5d3,Bd3f2][%mdl 32] [#]} 14. h4 $146 ({Predecessor:} 14. Qg4 Nf8 15. h4 Kh8 16. Bf4 Ng6 17. h5 Nxf4 18. Qxf4 Rg8 19. Qxf7 Nd8 20. Qf4 {1-0 Strnad,M (2230)-Brousek,J (2361) CZE-Cup15 sf02 email 2004}) 14... Rac8 (14... Ncxe5 15. Nxe5 Bxg2 16. Nxf7 Kxf7 17. Kxg2 $11) 15. h5 (15. N1h2 $11) 15... h6 $17 (15... Ndxe5 $2 16. Nxe5 Nxe5 17. Bxb7 $18 (17. Qxa7 $2 Bxg2 {[%mdl 64] Discovered Attack} 18. Qxc7 Nf3+ {[%mdl 64] Zwischenzug, Double Attack} 19. Kxg2 Nxe1+ 20. Kh3 Rxc7 $19)) 16. N1h2 Bf8 $1 ({Of course not} 16... Ncxe5 17. Nxe5 (17. Qxa7 $2 {is the wrong capture.} Nd3 $19) 17... Bxg2 18. Nxf7 (18. Nxd7 Bc6 $17) 18... Kxf7 19. Kxg2 $11) 17. Qf4 c4 18. Qxc4 Nc5 ({Don't play} 18... Ncxe5 19. Qxc7 Nxf3+ 20. Bxf3 $14) 19. Bf1 Kh8 20. Be3 (20. Rb1 $15) 20... Nxe5 21. Nxe5 Qxe5 22. Qh4 Nd3 23. Red1 Qd5 {[%emt 0:01:30] Black has more active pieces. The white rooks are badly placed.} 24. f3 {[%emt 0:06:52] [#] Now White is beyond hope.} (24. Ng4 $11 {and White stays safe.} Qe4 25. Bd4) 24... Qe5 $1 $19 25. Bf2 (25. Ng4 $142 Qf5 26. Be2) 25... Nxf2 26. Rxd8 (26. Kxf2 {keeps fighting.} Bd6 27. Rac1) 26... Rxd8 27. Qxd8 Qxg3+ 28. Bg2 Kg8 29. Rf1 $2 (29. Nf1 Nh3+ 30. Kh1) 29... Nh3+ $40 {[%emt 0:00:38][%mdl 128] Black attacks with force.} 30. Kh1 Nf4 31. Rg1 Nxh5 32. f4 (32. Nf1 $142 Qf2 33. Qd4 Qxb2 34. Qh4) 32... Bxg2+ {[%emt 0:00:51][%mdl 64] [#] Deflection. Black is clearly winning.} 33. Rxg2 Qe1+ 34. Rg1 Qe4+ {[%emt 0:20:02] An entertaining game by Mareco.   Weighted Error Value: White=0.66/Black=0.14 (very precise)} 0-1